 Dungeon Crawl Stone Soup version 0.22-a0-587-g7d32d7c (webtiles) character file.

121 corax the Sneak (level 4, -1/23 HPs)
             Began as a Spriggan Assassin on July 4, 2018.
             Slain by an orc wizard
             ... wielding a +0 dagger
              (2 damage)
             ... on level 3 of the Dungeon.
             The game lasted 00:07:17 (1721 turns).

corax the Sneak (Spriggan Assassin)                 Turns: 1721, Time: 00:07:18

Health: -1/23      AC:  3    Str:  7    XL:     4   Next: 76%
Magic:  5/5        EV: 18    Int: 12    God:
Gold:   84         SH:  0    Dex: 18    Spells: 3/3 levels left

rFire    . . .     SeeInvis +   q - +0 blowgun
rCold    . . .     Gourm    .   (shield restricted)
rNeg     + . .     Faith    .   c - +0 robe
rPois    .         Spirit   .   (helmet restricted)
rElec    .         Reflect  .   d - +0 cloak
rCorr    .         Harm     .   (gloves unavailable)
MR       .....                  (boots unavailable)
Stlth    ++++......             (no amulet)
HPRegen  0.07/turn              o - ring of positive energy
MPRegen  0.09/turn              (no ring)

@: very quick
A: very small, unfitting armour, see invisible, herbivore, speed 3, slow
metabolism 2
a: no special abilities


You were on level 3 of the Dungeon.
You were not hungry.

You visited 1 branch of the dungeon, and saw 3 of its levels.

You collected 84 gold pieces.

Inventory:

Hand Weapons
 a - a +2 dagger
 b - a +0 hunting sling
 q - a +0 blowgun (weapon)
Missiles
 e - 13 poisoned needles (quivered)
 f - 2 curare-tipped needles
 j - 5 tomahawks
 k - 81 stones
 p - 67 sling bullets
Armour
 c - a +0 robe (worn)
 d - a +0 cloak (worn)
Jewellery
 o - a ring of positive energy (left hand)
 t - an uncursed amulet of faith {unknown}
 u - an uncursed amulet of the gourmand {unknown}
Scrolls
 h - a scroll of amnesia {unknown}
 i - a scroll of fear {unknown}
 m - a scroll of teleportation {unknown}
 n - 2 scrolls of remove curse {unknown}
 r - a scroll of noise {unknown}
 v - a scroll of enchant armour {unknown}
 w - a scroll of blinking {unknown}
 x - a scroll of identify {unknown}
Potions
 l - 2 potions of lignification {unknown}
 s - a potion of degeneration {unknown}
Comestibles
 g - 3 rations


   Skills:
 + Level 2.1 Fighting
 + Level 3.0 Short Blades
 * Level 1.7(2.8) Slings
 + Level 2.7(3.0) Throwing
 + Level 3.1 Dodging
 + Level 6.5 Stealth


You had 3 spell levels left.
You didn't know any spells.
Your spell library was empty.

Dungeon Overview and Level Annotations

Branches:
Dungeon (3/15)

Altars:
Dithmenos
Elyvilon
Fedhas
Kikubaaqudgha
Qazlal
Ru
Xom
Yredelemnul


Innate Abilities, Weirdness & Mutations

You are very small and have problems with some larger weapons.
You are too small for most types of armour.
You have supernaturally acute eyesight. (SInv)
You are a herbivore.
You cover ground extremely quickly.
You need to consume almost no food.


Message History

Okay, then.
Unknown command.
Wield which item (- for none, * to show all)? (? for menu, Esc to quit)
q - a +0 blowgun (weapon)
The orc wizard hits you with a dagger.
* * * LOW HITPOINT WARNING * * *
Firing (i - inventory. (/) - cycle)
e - 15 poisoned needles (quivered)
Press: ? - help, Shift-Dir - straight line, f/p - orc wizard
Aim: an orc wizard, wielding a dagger and wearing a robe (heavily wounded)
You shoot a poisoned needle.
The poisoned needle misses the orc wizard.
The orc wizard hits you with a dagger.
* * * LOW HITPOINT WARNING * * *
Firing (i - inventory. (/) - cycle)
e - 14 poisoned needles (quivered)
Press: ? - help, Shift-Dir - straight line, f/p - orc wizard
Aim: an orc wizard, wielding a dagger and wearing a robe (heavily wounded)
You shoot a poisoned needle.
The poisoned needle closely misses the orc wizard.
The orc wizard hits you with a dagger.
You die...

.....#######
#.####.# ####.#
#.#..#.# #.#
##.#..#.# #.#
#.....#.# #.#
#..#.##.# #.#
#####.###..#....#
#..
...........######
...(..####.#
.(((.()(o@.#
.$....(#####
....... .......
)..(... .......
...###. ##. #.


You could see an orc wizard.

Vanquished Creatures
  An orc wizard (D:3)
  2 adders
  A worm (D:2)
  4 dart slugs
  2 leopard geckos (D:1)
  2 orcs (D:3)
  A ball python (D:1)
  3 giant cockroaches (D:1)
  13 goblins
  5 hobgoblins
  2 jackals (D:2)
  8 kobolds
  A quokka (D:2)
  3 bats (D:1)
  5 frilled lizards
  10 rats
63 creatures vanquished.

Notes
Turn   | Place    | Note
-------+----------+-------------------------------------------
     0 | D:1      | corax the Spriggan Assassin began the quest for the Orb.
     0 | D:1      | Reached XP level 1. HP: 10/10 MP: 2/2
    89 | D:1      | Reached skill level 6 in Stealth
    95 | D:1      | Reached XP level 2. HP: 9/15 MP: 3/3
   374 | D:1      | Reached XP level 3. HP: 12/18 MP: 4/4
   842 | D:2      | Found a white marble altar of Elyvilon.
   864 | D:2      | Found an ancient bone altar of Kikubaaqudgha.
   866 | D:2      | Found a shadowy altar of Dithmenos.
   870 | D:2      | Found a basalt altar of Yredelemnul.
  1037 | D:2      | Reached XP level 4. HP: 23/23 MP: 5/5
  1052 | D:2      | Reached skill level 1 in Slings
  1130 | D:2      | Found a shattered altar of Ashenzari.
  1132 | D:2      | Found a shimmering altar of Xom.
  1132 | D:2      | Found a stormy altar of Qazlal.
  1134 | D:2      | Found a shimmering altar of Xom.
  1134 | D:2      | Found a blossoming altar of Fedhas.
  1134 | D:2      | Found a sacrificial altar of Ru.
  1311 | D:2      | Found a faded altar of an unknown god.
  1720 | D:3      | HP: 1/23 [orc wizard/dagger (2)]
  1721 | D:3      | Slain by an orc wizard

Vault maps used:
D:1:      onia_arrival_handbag
D:2:      doesnt_xom_only_xom, elyvilon_altar_4, grunt_temple_overflow_open,
          chequers_ecumenical_altar_lobes
D:3:      overflow_temple_1_default, st_stairs_7, minmay_misc_feat_tiny

Skill      XL: |  1  2  3  4 |
---------------+-------------+-----
Stealth        | 6 |  6.5
Dodging        | 2 3 |  3.1
Fighting       | 2 |  2.1
Slings         | 1 |  1.7
Short Blades   | 3 |  3.0
Throwing       | |  2.7

Action                   |  1- 3 |  4- 6 || total
-------------------------+-------+-------++-------
Melee: Dagger            |    91 |    10 ||   101
 Fire: Hunting sling     |    59 |    65 ||   124
       Blowgun           |       |     2 ||     2
Throw: Tomahawk          |    16 |       ||    16
 Stab: Sleeping          |     8 |       ||     8
       Distracted        |     1 |       ||     1
Armor: Robe              |    22 |     9 ||    31
Dodge: Dodged            |    89 |    55 ||   144

Table legend:
 A = Spawn XP
 B = Non-spawn XP
 C = Spawn XP percentage of total XP
 D = Spawn monster count
 E = Non-spawn monster count
 F = Spawn count percentage of total count
 G = Total turns spent on level
                    A         B        C        D         E        F      G
               +---------+---------+-------+---------+---------+-------+---------
         Total |       0 |     173 |   0.0 |       0 |      63 |   0.0 |  1721
               +---------+---------+-------+---------+---------+-------+---------
           D:1 |       0 |      67 |   0.0 |       0 |      38 |   0.0 |   724
           D:2 |       0 |      48 |   0.0 |       0 |      19 |   0.0 |   749
           D:3 |       0 |      58 |   0.0 |       0 |       6 |   0.0 |   248
               +---------+---------+-------+---------+---------+-------+---------
